 Dungeon Crawl Stone Soup version 0.16-a0-3061-g1c4ddba (webtiles) character file.

329601 Chiseanne the Peltast (level 21, -5/206 HPs)
             Began as a Demonspawn Wanderer on Dec 10, 2014.
             Was a High Priest of Okawaru.
             Slain by a balrug
             ... wielding a +0 demon whip of freezing
              (8 damage)
             ... on level 5 of the Abyss.
             The game lasted 04:24:37 (54258 turns).

Chiseanne the Peltast (Demonspawn Wanderer)        Turns: 54258, Time: 04:24:37

Health: -5/206     AC: 24    Str: 36      XL:     21   Next: 15%
Magic:  0/18       EV: 30    Int: 21 (24) God:    Okawaru [*****.]
Gold:   2371       SH: 27    Dex: 25 (26) Spells: 1 memorised, 19 levels left

rFire  + . .     SeeInvis .     s - +3 broad axe (flame)
rCold  + . .     Clarity  +     F - +0 scale mail "Smuwunij" {rF+ rC+ Curse} (curse)
rNeg   + . .     SustAb   .     x - +7 shield "Epeigism" {god gift, Str+3 Int+3}
rPois  +         Gourm    .     k - +0 helmet "Tahoulom" {god gift, Str+5 Int+3 Curse}
rElec  .         Spirit   +     U - +1 cloak of Truth {god gift, Str+5 Int+5 Dex+2}
rCorr  .         Warding  .     i - +2 pair of gloves {Dex+3}
rMut   .         Stasis   .     (boots unavailable)
MR     +....                    e - amulet of clarity
Stlth  +++.......               c - ring of Xom's Malicious Joy {Dex+1 Slay+3 Stlth+}
                                l - ring "Tuesum" {rN+ Str+1 Dex+1}

@: mighty, heroism, non-regenerating, diseased, somewhat resistant to hostile
enchantments, fairly stealthy
A: talons 3, iridescent scales 2, blurry vision 2, deterioration 1, low mp 1,
poison resistance, powered by pain 2, regeneration 1, robust 2, magic shield,
magic regeneration, placid magic 1
a: Heroism, Finesse, Renounce Religion
}: 1/15 runes: decaying


You were on level 5 of the Abyss.
You worshipped Okawaru.
Okawaru was extremely pleased with you.
You were hungry.

You visited 5 branches of the dungeon, and saw 35 of its levels.
You visited the Abyss 3 times.
You also visited: Labyrinth and Ice Cave.

You collected 5104 gold pieces.
You spent 2733 gold pieces at shops.

Inventory:

Hand weapons
 a - a +4 war axe of flaming
 s - a +3 broad axe of flaming (weapon)
 w - a +0 blowgun
 Q - the +3 war axe "Psafil" {god gift, speed, rC+ Stlth--}
   (Okawaru gifted it to you on level 2 of the Vaults)

   Attacks with this weapon are significantly faster.
   It protects you from cold.
   It makes you much less stealthy.
Missiles
 q - a tomahawk of dispersal (quivered)
 A - 13 curare-tipped needles
 M - 5 poisoned javelins
Armour
 i - a +2 pair of gloves of dexterity (worn)
 k - the +0 helmet "Tahoulom" (worn) {god gift, Str+5 Int+3 Curse}
   (Okawaru gifted it to you on level 2 of the Lair of Beasts)

   It affects your strength (+5).
   It affects your intelligence (+3).
   It may recurse itself when equipped.
 v - a +2 cloak of magic resistance
 x - the +7 shield "Epeigism" (worn) {god gift, Str+3 Int+3}
   (Okawaru gifted it to you on level 10 of the Dungeon)

   It affects your strength (+3).
   It affects your intelligence (+3).
 F - the cursed +0 scale mail "Smuwunij" (worn) {rF+ rC+ Curse}
   (You bought it in a shop on level 4 of the Orcish Mines)

   It protects you from fire.
   It protects you from cold.
   It may recurse itself when equipped.
   It has a curse placed upon it.
 J - a +0 plate armour of positive energy
 U - the +1 cloak of Truth (worn) {god gift, Str+5 Int+5 Dex+2}
   (Okawaru gifted it to you on level 1 of the Abyss)

   It affects your strength (+5).
   It affects your intelligence (+5).
   It affects your dexterity (+2).
 W - the +6 scale mail of Gozag's Approval {rPois MR+}
   (You found it on level 3 of the Abyss)

   It protects you from poison.
   It affects your resistance to hostile enchantments.
Jewellery
 c - the ring of Xom's Malicious Joy (right hand) {Dex+1 Slay+3 Stlth+}
   (You bought it in a shop on level 6 of the Dungeon)

   [ring of stealth]

   It affects your dexterity (+1).
   It affects your accuracy and damage with ranged weapons and melee attacks
   (+3).
   It makes you more stealthy.
 e - an amulet of clarity (around neck)
 l - the ring "Tuesum" (left hand) {rN+ Str+1 Dex+1}
   (You bought it in a shop on level 3 of the Orcish Mines)

   [ring of positive energy]

   It affects your strength (+1).
   It affects your dexterity (+1).
   It protects you from negative energy.
 t - an uncursed ring of protection from magic
 u - an uncursed ring of see invisible
 H - an uncursed amulet of regeneration
Magical devices
 R - a wand of digging (8)
Scrolls
 b - 2 scrolls of blinking
 h - a scroll of silence
 n - 6 scrolls of teleportation
 r - 11 scrolls of identify
 y - a scroll of brand weapon
 z - 8 scrolls of remove curse
 C - 2 scrolls of amnesia
 I - a scroll of holy word
 N - a scroll of fog
 O - 2 scrolls of magic mapping
 T - 4 scrolls of fear
Potions
 d - 3 potions of curing
 j - 3 potions of flight
 m - 5 potions of cancellation
 G - 3 potions of magic
 L - 6 potions of restore abilities
 S - a potion of invisibility
 V - a potion of resistance
 X - 2 potions of berserk rage
 Z - 2 potions of brilliance
Books
 B - a book of the Dragon

   Spells                             Type                      Level
   a - Flight                         Charms/Air                   3
   b - Cause Fear                     Hexes                        4
   c - Bolt of Fire                   Conjuration/Fire             6
   d - Dragon Form                    Transmutation                7
   e - Dragon's Call                  Summoning                    9
 K - a book of Control

   Spells                             Type                      Level
   a - Control Teleport               Charms/Translocation         4
   b - Control Undead                 Necromancy                   4
   c - Enslavement                    Hexes                        4
   d - Metabolic Englaciation         Hexes/Ice                    5
   e - Mass Confusion                 Hexes                        6
Miscellaneous
 E - a lamp of fire
 P - a stone of tremors
Comestibles
 f - 27 bread rations
 p - 13 meat rations
 D - 2 beef jerkies


   Skills:
 * Level 16.6(21.6) Fighting
   Level 3.3(8.3) Long Blades
 - Level 17.9(23.0) Axes
   Level 3.6(17.6) Maces & Flails
 - Level 9.8(14.8) Armour
 - Level 13.2(18.2) Dodging
 - Level 1.0(6.0) Stealth
 * Level 19.8(24.8) Shields
 - Level 1.7(6.7) Unarmed Combat
 - Level 1.0 Evocations


You had 19 spell levels left.
You knew the following spells:

 Your Spells              Type           Power        Failure   Level  Hunger
a - Apportation           Tloc           #.........   9%          1    ##.....


Dungeon Overview and Level Annotations

Branches:
Dungeon (15/15)            Temple (0/1) D:6            Lair (8/8) D:9
  Swamp (5/5) Lair:6        Snake (0/5) Lair:3        Slime (0/6) Lair:6
    Orc (4/4) D:9             Elf (0/3) Orc:4        Vaults (3/5) D:14
  Crypt (0/3) Vaults:2     Depths (0/5) D:15

Altars:
Elyvilon
Fedhas
Gozag
Kikubaaqudgha
Makhleb
Nemelex Xobeh
Okawaru
Qazlal
Ru
Sif Muna
Trog
Vehumet
Xom
Yredelemnul
Zin
The Shining One
Beogh
Jiyva

Shops:
D:6 **==!=   Orc:3 =   Orc:4 [=[*(   Vaults:1 [

Portals:
Trove: D:12 (give 18 potions of curing)

Annotations:
Lair:6 runed door


Innate Abilities, Weirdness & Mutations

You have claws for feet.
You are mostly covered in iridescent scales (AC +6).
You sometimes gain power by taking damage.
You are very robust (+20% HP).
When hurt, damage is shared between your health and your magic reserves.
You regenerate magic rapidly.
Scrolls take you longer to read.
Your body is slowly deteriorating.
Your magical capacity is low (-10% MP).
Your system is resistant to poisons.
Your natural rate of healing is unusually fast.
Your spells are a little easier to cast, but a little less powerful.


Message History

The balrug hits you with a demon whip of freezing!
* * * LOW HITPOINT WARNING * * *
You are engulfed in flames!
You resist.
* * * LOW HITPOINT WARNING * * *
The balrug freezes you.
You begin reading the scroll.
You continue reading the scroll.
You are covered in liquid flames!
* * * LOW HITPOINT WARNING * * *
You block the red devil's attack. You block the ancient zyme's attack.
The ancient zyme hits you but does no damage.
You block the red devil's attack.
The orc zombie hits you but does no damage.
You block the balrug's attack. The red devil barely misses you.
You continue reading the scroll.
You are covered in liquid flames!
* * * LOW HITPOINT WARNING * * *
You block the sun demon's attack. You block the ancient zyme's attack.
The ancient zyme completely misses you. You block the red devil's attack.
The balrug hits you with a demon whip of freezing!
You die...

# ..
.ยง...........q. . .
. 2 .......... #
............ . #.
.... #...3. . ...
##...###..4###..
#.....#.q4..#.....#
......44.4.........
.......32x.........
.........@..........
..##..##.Z##..##..#
#.. #..# ..# .#
..#..... ...
...........
..##..##..# .. #..#
..# .... . #.#.


You could see a purple draconian zealot, a balrug, a sun demon, an ancient zyme,
a rust devil, a smoke demon, 4 red devils and an orc zombie.

Vanquished Creatures
  Norris (D:14)
  Saint Roka (Swamp:3)
  2 profane servitors
  4 bone dragons (Abyss:1)
  Nikola (Swamp:3)
  A hellephant (Abyss:1)
  A Hell Sentinel (Abyss:5)
  A sphinx (shapeshifter) (Vaults:1)
  A lich (Abyss:1)
  2 thorn hunters
  Rupert (Lair:7)
  15 tentacled starspawn
  4 frost giants
  A daeva (Abyss:3)
  Maud (Lair:5)
  8 vault wardens
  A cacodemon (Abyss:3)
  Aizul (Swamp:2)
  2 balrugs (Abyss:1)
  Gastronok (Orc:4)
  2 orc warlords (Orc:3)
  2 reapers
  5 stone giants
  13 very ugly things
  6 rakshasas
  A lorocyproca (Abyss:3)
  A dire elephant (D:15)
  3 eidola
  A pale draconian (Abyss:1)
  An unborn (Abyss:3)
  3 green deaths
  Snorg (D:15)
  2 death oozes (Swamp:5)
  A minotaur (Lab)
  2 fire dragons
  3 vault guards (Vaults:2)
  Josephine (Orc:2)
  6 ironheart preservers
  4 yaktaur captains
  An ice dragon (Vaults:2)
  2 great orbs of eyes
  17 hydras
  12 centaur warriors
  A ghost crab (shapeshifter) (Vaults:1)
  Erica (Lair:1)
  8 alligators
  The ghost of Kemay the Nimble, a powerful OpTm of Kikubaaqudgha (D:10)
  8 ogre magi
  16 death yaks
  26 thrashing horrors
  3 orc high priests (Orc:4)
  2 hell hogs (Abyss:3)
  2 deep troll shamans (Vaults:2)
  Urug (Orc:2)
  A hell beast (Swamp:5)
  3 sun demons (Abyss:1)
  A deep elf knight (Vaults:1)
  12 wretched stars
  3 catoblepae (Lair:8)
  A skeletal warrior (Vaults:1)
  An ice devil (IceCv)
  8 spatial maelstroms
  2 wizards
  7 unseen horrors
  9 swamp dragons
  4 ice statues (IceCv)
  A spriggan druid (Swamp:4)
  12 hill giants
  A lindwurm (Lair:8)
  7 deep trolls
  4 harpies (Vaults:2)
  4 necromancers
  2 shambling mangroves
  7 ironbrand convokers
  16 orc knights
  2 griffons
  3 orc sorcerers
  5 giant orange brains
  2 wolf spiders
  A manticore (D:14)
  A sixfirhy (Abyss:3)
  A tengu skeleton (Vaults:3)
  A salamander (D:15)
  The ghost of MackTheKnife the Unseen, an experienced SpAs of Ashenzari (Swamp:5)
  A frost giant zombie (Abyss:3)
  11 cyclopes
  17 elephants
  26 ugly things
  10 worldbinders
  5 black mambas
  3 red wasps
  2 apocalypse crabs
  A stone giant skeleton (Vaults:1)
  A frost giant skeleton (Vaults:3)
  Joseph (D:11)
  A centaur zombie (D:11)
  A torpor snail (Lair:4)
  9 vault sentinels
  11 smoke demons
  2 gargoyles (D:11)
  4 orange demons
  Psyche (Orc:4)
  A kobold demonologist (Abyss:1)
  12 komodo dragons
  25 spiny frogs
  27 yaktaurs
  An emperor scorpion zombie (Abyss:3)
  A tormentor (Abyss:3)
  5 efreet
  A yaktaur skeleton (Vaults:3)
  A red devil (Abyss:1)
  16 ancient zymes
  3 giant leeches
  6 blue devils (IceCv)
  A black draconian skeleton (Abyss:1)
  3 fire drakes
  3 deep elf priests
  A stone giant simulacrum (Abyss:5)
  6 freezing wraiths
  A jumping spider (shapeshifter) (Vaults:2)
  A merfolk (D:15)
  9 trolls
  9 two-headed ogres
  2 boulder beetles
  13 bog bodies
  41 slime creatures
  21 blink frogs
  23 large abominations
  3 basilisks
  3 baby alligators (Swamp:1)
  8 ravens
  A deep elf mage (Vaults:2)
  41 raiju
  4 wraiths
  7 spriggans
  4 flying skulls (Abyss:5)
  13 shadows
  60 starcursed masses
  A trapdoor spider (shapeshifter) (D:15)
  2 orc simulacra (Vaults:1)
  A vampire (D:15)
  4 golden eyes (Abyss:5)
  The ghost of karlm the Covert, an average SpEn (D:5)
  39 yaks
  A fire elemental (D:12)
  4 wyverns
  10 hippogriffs
  16 humans (D:14)
  A golden eye (shapeshifter) (Vaults:2)
  3 hungry ghosts
  5 fire bats
  7 ynoxinuls
  49 vampire mosquitoes
  A steam dragon (Lair:6)
  15 neqoxecs
  A yaktaur simulacrum (Vaults:2)
  3 chaos spawn
  4 deep elf fighters
  10 wolves
  4 insubstantial wisps
  9 wargs
  30 swamp worms
  18 water moccasins
  14 spatial vortices
  A naga (Abyss:3)
  2 soldier ants
  4 hell hounds (Abyss:3)
  2 sky beasts
  A necrophage (D:10)
  37 ogres
  53 orc warriors
  15 porcupines
  15 ice beasts
  8 yellow wasps
  3 black bears
  3 eyes of draining (Abyss:1)
  7 swamp drakes
  A boring beetle (Lair:3)
  26 centaurs
  Sigmund (D:2)
  2 brain worms
  2 wandering mushrooms (D:9)
  4 big kobolds
  21 small abominations
  An earth elemental (Abyss:1)
  Blork the orc (D:5)
  20 giant frogs
  19 crocodiles
  A human skeleton (Vaults:1)
  A wyvern skeleton (D:7)
  5 scorpions
  A troll zombie (Swamp:4)
  4 electric eels
  16 killer bees
  22 wights
  3 goliath beetles
  13 crimson imps
  2 draconian simulacra (IceCv)
  6 quasits
  2 giant frog zombies
  4 centaur skeletons
  3 iron imps
  5 jellies
  13 iguanas
  32 orc priests
  2 giant frog skeletons
  14 hounds
  5 worker ants
  9 hell rats (Lair:4)
  34 orc wizards
  5 troll simulacra (IceCv)
  A killer bee zombie (D:8)
  32 sheep
  A centaur simulacrum (IceCv)
  3 human zombies
  Terence (D:3)
  A hound zombie (D:11)
  A mummy (D:11)
  7 gnolls
  A worker ant zombie (D:8)
  2 ogre simulacra
  85 river rats
  26 adders
  A naga simulacrum (IceCv)
  8 shadow imps
  3 white imps
  2 worms
  12 ufetubi
  An orc skeleton (Orc:2)
  An adder zombie (D:5)
  8 giant geckos
  4 oozes (Lair:6)
  172 orcs
  16 bats
  A bat zombie (D:4)
  7 giant cockroaches
  20 goblins
  15 hobgoblins
  23 jackals
  9 quokkas
  A ball python (D:2)
  6 giant newts
  2 giant spores
  A goblin zombie (Orc:2)
  30 kobolds
  2 lurking horrors (Abyss:3)
  4 orc zombies
  A quokka zombie (D:5)
  30 rats
  6 ballistomycetes
  A bush (D:15)
  36 fungi
  9 plants
  9 starspawn tentacles
  A starspawn tentacle segment (Abyss:3)
2123 creatures vanquished.

Vanquished Creatures (collateral kills)
  A spiny frog (Swamp:4)
  A small abomination (Abyss:3)
  A human skeleton (Vaults:1)
  2 starcursed masses (Abyss:3)
5 creatures vanquished.

Vanquished Creatures (others)
  A large abomination (Abyss:3)
  Sonja (Orc:2)
  A fire elemental (Vaults:1)
  A shadow imp (D:14)
  An orc (Orc:1)
  A giant spore (D:10)
  3 lurking horrors
  9 fungi
  3 plants
  26 starspawn tentacles
  519 starspawn tentacle segments
  4 tentacles (Abyss:3)
  302 tentacle segments (Abyss:3)
  6 toadstools (Swamp:1)
878 creatures vanquished.

Grand Total: 3006 creatures vanquished

Notes
Turn   | Place    | Note
--------------------------------------------------------------
     0 | D:1      | Chiseanne, the Demonspawn Wanderer, began the quest for the Orb.
     0 | D:1      | Chiseanne set off with: a +2 mace, a potion of lignification, a scroll of teleportation, a +0 robe, a bread ration
     0 | D:1      | Reached XP level 1. HP: 16/16 MP: 1/1
   305 | D:1      | Gained mutation: You have sharp toenails. [demonic ancestry]
   305 | D:1      | Reached XP level 2. HP: 21/23 MP: 2/2
   414 | D:1      | Reached skill level 1 in Dodging
   822 | D:1      | Reached skill level 1 in Armour
   822 | D:1      | Reached XP level 3. HP: 28/28 MP: 3/3
  1747 | D:2      | Noticed Sigmund
  1779 | D:2      | Killed Sigmund
  1779 | D:2      | Gained mutation: You are partially covered in iridescent scales (AC +4). [demonic ancestry]
  1779 | D:2      | Reached XP level 4. HP: 35/35 MP: 4/4
  2035 | D:2      | Found an iron altar of Okawaru.
  2053 | D:2      | Became a worshipper of Warmaster Okawaru
  2132 | D:2      | Gained mutation: You are mostly covered in iridescent scales (AC +6). [demonic ancestry]
  2132 | D:2      | Reached XP level 5. HP: 39/41 MP: 5/5
  2414 | D:3      | Found a stormy altar of Qazlal.
  2671 | D:3      | Noticed Terence
  2679 | D:3      | Killed Terence
  2798 | D:3      | Found a sparkling altar of Nemelex Xobeh.
  3202 | D:3      | Gained mutation: When hurt, damage is shared between your health and your magic reserves. [demonic ancestry]
  3202 | D:3      | Reached XP level 6. HP: 45/47 MP: 7/7
  3642 | D:4      | HP: 3/70 [orc wizard/dagger (1)]
  3643 | D:4      | HP: 1/70 [orc (3)]
  4019 | D:4      | Reached skill level 4 in Dodging
  4775 | D:4      | Gained mutation: You sometimes gain a little power by taking damage. [demonic ancestry]
  4775 | D:4      | Reached XP level 7. HP: 49/53 MP: 8/8
  5399 | D:5      | Entered Level 5 of the Dungeon
  5422 | D:5      | Noticed Blork the orc
  5442 | D:5      | Killed Blork the orc
  5442 | D:5      | Acquired Okawaru's first power
  5608 | D:5      | Noticed karlm's ghost (average SpEn)
  5638 | D:5      | Killed karlm's ghost
  5638 | D:5      | Reached skill level 5 in Dodging
  6443 | D:6      | Gained mutation: You have razor-sharp toenails. [demonic ancestry]
  6443 | D:6      | Reached XP level 8. HP: 61/61 MP: 9/9
  6465 | D:6      | Found a shimmering altar of Xom.
  6468 | D:6      | Found a blossoming altar of Fedhas.
  6486 | D:6      | Found Warchapt's Jewellery Emporium.
  6505 | D:6      | Bought a cursed ring of loudness for 63 gold pieces
  6523 | D:6      | Found Kuejiraa's Jewellery Shop.
  6536 | D:6      | Found Rapleocw's Jewellery Emporium.
  6685 | D:6      | Found Wokhluleng's Distillery.
  6689 | D:6      | Bought a potion of heal wounds for 60 gold pieces
  6689 | D:6      | Bought a potion of heal wounds for 60 gold pieces
  6783 | D:6      | Found a staircase to the Ecumenical Temple.
  6914 | D:6      | Found a radiant altar of Vehumet.
  6917 | D:6      | Found a burning altar of Makhleb.
  6920 | D:6      | Found a sacrificial altar of Ru.
  6948 | D:6      | Found a glowing silver altar of Zin.
  6978 | D:6      | Reached skill level 6 in Dodging
  7016 | D:6      | Found Raefagge's General Store.
  7024 | D:6      | Bought a potion of curing for 42 gold pieces
  7068 | D:6      | Found Otoraaha's Elemental Accessories.
  7222 | D:7      | Reached skill level 5 in Armour
  7335 | D:7      | Reached skill level 5 in Fighting
  7763 | D:6      | Reached skill level 7 in Dodging
  8227 | D:7      | Gained mutation: You have claws for feet. [demonic ancestry]
  8227 | D:7      | Reached XP level 9. HP: 32/69 MP: 5/10
  8722 | D:8      | Found a shimmering altar of Xom.
  8793 | D:8      | Reached skill level 8 in Dodging
  9325 | D:8      | Found a glowing golden altar of the Shining One.
  9333 | D:8      | Found a glowing silver altar of Zin.
  9337 | D:8      | Found a white marble altar of Elyvilon.
  9516 | D:8      | Reached skill level 1 in Shields
  9826 | D:8      | Reached skill level 9 in Dodging
 10052 | D:8      | Found a basalt altar of Yredelemnul.
 11098 | D:9      | Found a deep blue altar of Sif Muna.
 11109 | D:9      | Reached skill level 1 in Long Blades
 11109 | D:9      | Reached XP level 10. HP: 57/77 MP: 9/11
 11730 | D:9      | Paralysed by a yellow wasp for 2 turns
 12502 | D:9      | Found a staircase to the Lair.
 12646 | D:9      | Reached skill level 10 in Dodging
 12834 | D:9      | Found a roughly hewn altar of Beogh.
 12866 | D:9      | Found a staircase to the Orcish Mines.
 13236 | D:10     | Entered Level 10 of the Dungeon
 13247 | D:9      | Reached skill level 1 in Axes
 13267 | D:10     | Noticed a cyclops
 13283 | D:10     | Killed a cyclops
 13584 | D:10     | Noticed a hill giant
 13655 | Lair:1   | Entered Level 1 of the Lair of Beasts
 13935 | Lair:1   | Reached XP level 11. HP: 16/86 MP: 12/12
 14304 | Lair:1   | Noticed Erica
 14314 | Lair:1   | Killed Erica
 14472 | Lair:1   | Acquired Okawaru's second power
 15509 | Lair:2   | Received a gift from Okawaru
 15510 | Lair:2   | Got a faintly glowing helmet {god gift}
 15648 | Lair:2   | Identified the +0 helmet "Tahoulom" {god gift, Str+5 Int+3 Curse} (Okawaru gifted it to you on level 2 of the Lair of Beasts)
 15876 | Lair:2   | Noticed a four-headed hydra
 15887 | Lair:2   | Killed a one-headed hydra
 15900 | Lair:2   | Reached skill level 11 in Dodging
 16200 | Lair:2   | Noticed a four-headed hydra
 16208 | Lair:2   | Killed a one-headed hydra
 16507 | Lair:2   | Reached skill level 5 in Axes
 17226 | Lair:3   | Gained mutation: You sometimes gain power by taking damage. [demonic ancestry]
 17226 | Lair:3   | Reached XP level 12. HP: 72/94 MP: 10/14
 17490 | Lair:3   | Found a staircase to the Snake Pit.
 17642 | Lair:3   | Reached skill level 5 in Shields
 17984 | Lair:3   | Got a pitted flail
 18860 | Lair:4   | Received a gift from Okawaru
 19462 | Lair:4   | Reached skill level 12 in Dodging
 20285 | Lair:5   | Noticed a seven-headed hydra
 20295 | Lair:5   | Killed a two-headed hydra
 20443 | Lair:5   | Reached XP level 13. HP: 95/103 MP: 12/15
 20612 | Lair:5   | Identified the cursed +1 flail of Skolucur {freeze, Int-2} (You found it on level 3 of the Lair of Beasts)
 20685 | Lair:5   | Noticed Maud
 20707 | Lair:5   | Killed Maud
 20707 | Lair:5   | Reached skill level 10 in Fighting
 20832 | Lair:5   | Received a gift from Okawaru
 21046 | Lair:5   | Found a bloodstained altar of Trog.
 21192 | Lair:6   | Found a staircase to the Swamp.
 21253 | Lair:6   | Found a runed door.
 21256 | Lair:6   | Found a viscous altar of Jiyva.
 21256 | Lair:6   | Found a staircase to the Slime Pits.
 21535 | Lair:6   | Found a frozen archway.
 21573 | IceCv    | Entered an ice cave
 23078 | IceCv    | Gained mutation: Your system is resistant to poisons. [potion of beneficial mutation]
 24684 | Lair:7   | Received a gift from Okawaru
 25115 | Lair:7   | Noticed Rupert
 25489 | Lair:7   | Paralysed by Rupert for 6 turns
 25527 | Lair:7   | Killed Rupert
 25527 | Lair:7   | Reached XP level 14. HP: 49/111 MP: 6/16
 26647 | D:6      | Bought the ring of Xom's Malicious Joy {Dex+1 Slay+3 Stlth+} for 548 gold pieces
 26669 | D:6      | Bought a potion of curing for 36 gold pieces
 26669 | D:6      | Bought a potion of curing for 36 gold pieces
 26669 | D:6      | Bought a potion of curing for 36 gold pieces
 26669 | D:6      | Bought a potion of flight for 36 gold pieces
 27012 | Lair:8   | Entered Level 8 of the Lair of Beasts
 27067 | Lair:8   | Reached skill level 10 in Axes
 27142 | Lair:8   | Found a labyrinth entrance.
 27165 | Lab      | Entered a labyrinth
 27483 | Lab      | Got a jewelled executioner's axe
 27483 | Lab      | Got a fine plate armour
 27483 | Lab      | Got a polished chain mail
 27483 | Lab      | Got a warped robe
 27555 | Lair:8   | Identified the +6 executioner's axe of the Unseen Realm {elec, Str+1 Stlth+} (You found it in a labyrinth)
 27572 | Lair:8   | Identified the cursed -2 plate armour of the Morning {Int+2 Dex+2 SInv} (You found it in a labyrinth)
 27573 | Lair:8   | Identified the cursed -3 chain mail of Inevitability {Str+1 Int+3} (You found it in a labyrinth)
 27660 | Lair:8   | Reached skill level 13 in Dodging
 27752 | Lair:8   | Learned a level 1 spell: Apportation
 29331 | Orc:1    | Entered Level 1 of the Orcish Mines
 29693 | Orc:2    | Noticed Urug
 29710 | Orc:2    | Killed Urug
 29782 | Orc:2    | Noticed Josephine
 29784 | Orc:2    | Noticed Sonja
 29789 | Orc:2    | Killed Josephine
 29802 | Orc:2    | Killed Sonja
 29809 | Orc:2    | Found a deep blue altar of Sif Muna.
 30300 | Orc:3    | Noticed an orc warlord
 30330 | Orc:3    | Killed an orc warlord
 30457 | Orc:3    | Found Piveoj's Jewellery Emporium.
 30783 | Orc:4    | Entered Level 4 of the Orcish Mines
 30783 | Orc:4    | Found a staircase to the Elven Halls.
 30783 | Orc:4    | Found Hiaxkac's Antique Weapon Boutique.
 31074 | Orc:4    | Noticed an orc warlord
 31075 | Orc:4    | Found Kukaust's Jewellery Shop.
 31106 | Orc:3    | Killed an orc warlord
 31106 | Orc:3    | Received a gift from Okawaru
 31106 | Orc:3    | Gained mutation: You regenerate magic rapidly. [demonic ancestry]
 31106 | Orc:3    | Reached XP level 15. HP: 96/120 MP: 17/17
 31390 | Orc:4    | Noticed Gastronok
 31403 | Orc:4    | Killed Gastronok
 31521 | Orc:4    | Found Deimn's Armour Emporium.
 31565 | Orc:4    | Bought the +0 scale mail "Smuwunij" {rF+ rC+ Curse} for 300 gold pieces
 31669 | Orc:4    | Found Cocaz's General Store.
 31677 | Orc:4    | Reached skill level 10 in Shields
 31690 | Orc:4    | Bought 2 potions of curing for 84 gold pieces
 31690 | Orc:4    | Bought a scroll of enchant weapon for 105 gold pieces
 31690 | Orc:4    | Bought a scroll of identify for 28 gold pieces
 31690 | Orc:4    | Bought a meat ration for 70 gold pieces
 31690 | Orc:4    | Bought a beef jerky for 21 gold pieces
 31690 | Orc:4    | Bought a potion of cancellation for 112 gold pieces
 32081 | Orc:4    | Found Trinai's Antique Armour Shop.
 32085 | Orc:4    | Noticed Psyche
 32093 | Orc:4    | Killed Psyche
 32108 | Orc:4    | Bought a faintly glowing ring mail for 270 gold pieces
 32116 | Orc:4    | Identified the +0 ring mail of the Many Beggars {Str+5 Int-2} (You bought it in a shop on level 4 of the Orcish Mines)
 32432 | Orc:3    | Bought the cursed ring "Tuesum" {rN+ Str+1 Dex+1} for 394 gold pieces
 32657 | D:10     | Noticed a red ugly thing
 32674 | D:10     | Killed a red ugly thing
 32821 | D:10     | Noticed Kemay's ghost (powerful OpTm)
 32830 | D:10     | Killed Kemay's ghost
 32830 | D:10     | Received a gift from Okawaru
 32833 | D:10     | Got a polished shield {god gift}
 32844 | D:10     | Identified the +7 shield "Epeigism" {god gift, Str+3 Int+3} (Okawaru gifted it to you on level 10 of the Dungeon)
 32867 | D:10     | Killed a hill giant
 33561 | D:11     | Noticed Joseph
 33584 | D:11     | Killed Joseph
 34660 | D:12     | Found a portal to a secret trove of treasure.
 34847 | D:12     | Got a jewelled dagger
 34858 | D:12     | Identified the +8 dagger "Plojy" {pierce, rPois} (You found it on level 12 of the Dungeon)
 36064 | D:14     | Found a gate to the Vaults.
 36064 | D:14     | Noticed Norris
 36088 | D:14     | Killed Norris
 36416 | D:14     | Received a gift from Okawaru
 36448 | D:14     | Found an opulent altar of Gozag.
 36609 | D:15     | Entered Level 15 of the Dungeon
 36760 | D:15     | Gained mutation: You are robust (+10% HP). [demonic ancestry]
 36760 | D:15     | Reached XP level 16. HP: 68/139 MP: 12/18
 36940 | D:15     | Found a staircase to the Depths.
 37426 | D:15     | Noticed Snorg
 37436 | D:15     | Killed Snorg
 37837 | Lair:1   | Gained mutation: Your natural rate of healing is unusually fast. [potion of beneficial mutation]
 37858 | Lair:1   | Identified the +2 robe of Daffodils {+Rage Stlth--} (You found it in a labyrinth)
 38151 | Swamp:1  | Entered Level 1 of the Swamp
 38539 | Swamp:1  | Reached skill level 14 in Axes
 39248 | Swamp:2  | Noticed Aizul
 39259 | Swamp:2  | Killed Aizul
 39901 | Swamp:3  | Noticed Saint Roka
 39949 | Swamp:3  | Killed Saint Roka
 40592 | Swamp:3  | Noticed Nikola
 40607 | Swamp:3  | Killed Nikola
 40607 | Swamp:3  | Received a gift from Okawaru
 40610 | Swamp:3  | Got a translucent plate armour {god gift}
 40805 | Swamp:3  | Identified the -3 plate armour of Nobility {god gift, rN+ Dex+3} (Okawaru gifted it to you on level 3 of the Swamp)
 41288 | Swamp:4  | Reached skill level 15 in Axes
 41693 | Swamp:4  | Reached XP level 17. HP: 146/146 MP: 18/18
 41941 | Swamp:5  | Entered Level 5 of the Swamp
 42372 | Swamp:5  | Noticed MackTheKnife's ghost (experienced SpAs)
 42381 | Swamp:5  | Killed MackTheKnife's ghost
 42674 | Swamp:5  | Got a decaying rune of Zot
 43395 | Vaults:1 | Entered Level 1 of the Vaults
 43470 | Vaults:1 | Found Kilemp's Armour Boutique.
 43588 | Vaults:1 | Received a gift from Okawaru
 43697 | Vaults:1 | Reached skill level 16 in Axes
 43710 | Vaults:1 | Reached skill level 15 in Shields
 44339 | Vaults:1 | Paralysed by a great orb of eyes for 6 turns
 44490 | Vaults:1 | Reached XP level 18. HP: 150/150 MP: 20/20
 45020 | Vaults:1 | Noticed a caustic shrike
 45020 | Vaults:1 | a stone giant changed into a caustic shrike
 45026 | Vaults:1 | a caustic shrike changed into a sphinx
 45113 | Vaults:1 | Got an encrusted chain mail
 45125 | Vaults:1 | Identified the cursed +3 chain mail of Thromause {+Fly rN+ Slay-2} (You found it on level 1 of the Vaults)
 45333 | Vaults:1 | Received a gift from Okawaru
 45378 | Vaults:1 | Reached skill level 17 in Axes
 46195 | Vaults:2 | Cast into the Abyss (an ogre mage)
 46518 | Abyss:1  | Noticed a bone dragon
 46555 | Abyss:1  | Killed a bone dragon
 46600 | Vaults:2 | Escaped the Abyss
 46706 | Vaults:2 | Identified a +5 rod of inaccuracy (13/13) (You found it on level 2 of the Vaults)
 46760 | Vaults:2 | Received a gift from Okawaru
 47213 | Vaults:2 | Found a staircase to the Crypt.
 47213 | Vaults:2 | Found a basalt altar of Yredelemnul.
 47213 | Vaults:2 | Found an ancient bone altar of Kikubaaqudgha.
 47218 | Vaults:2 | Paralysed by a great orb of eyes for 4 turns
 47625 | Vaults:2 | Reached XP level 19. HP: 150/159 MP: 20/20
 47774 | Vaults:2 | Received a gift from Okawaru
 47780 | Vaults:2 | Got a jewelled war axe {god gift}
 47781 | Vaults:2 | Identified the +3 war axe "Psafil" {god gift, speed, rC+ Stlth--} (Okawaru gifted it to you on level 2 of the Vaults)
 48559 | D:6      | Bought a potion of restore abilities for 60 gold pieces
 48559 | D:6      | Bought a potion of invisibility for 96 gold pieces
 48559 | D:6      | Bought a potion of heal wounds for 60 gold pieces
 48559 | D:6      | Bought a potion of magic for 96 gold pieces
 48559 | D:6      | Bought a potion of resistance for 120 gold pieces
 49372 | Vaults:3 | Cast into the Abyss (an ogre mage)
 50073 | Abyss:1  | Noticed a bone dragon
 50104 | Abyss:1  | Killed a bone dragon
 50159 | Abyss:1  | Noticed a bone dragon
 50187 | Abyss:1  | Killed a bone dragon
 50384 | Abyss:2  | Found a corrupted altar of Lugonu.
 50457 | Abyss:2  | Found a corrupted altar of Lugonu.
 50810 | Abyss:3  | HP: 8/165 [starcursed mass/accursed screaming (6)]
 50814 | Abyss:3  | Paralysed by accursed screaming for 1 turns
 51148 | Abyss:3  | Got a transparent scale mail
 51187 | Abyss:3  | Reached skill level 18 in Shields
 51230 | Abyss:3  | Received a gift from Okawaru
 51281 | Abyss:3  | Noticed a bone dragon
 51296 | Abyss:3  | HP: 4/166 [bone dragon (6)]
 51567 | Abyss:3  | Gained mutation: Your spells are easier to cast, but less powerful. [a neqoxec]
 51901 | Abyss:3  | Gained mutation: Your body is rapidly deteriorating. [a neqoxec]
 51930 | Abyss:3  | Noticed a profane servitor
 51952 | Abyss:3  | Killed a profane servitor
 51952 | Abyss:3  | Gained mutation: You are very robust (+20% HP). [demonic ancestry]
 51952 | Abyss:3  | Reached XP level 20. HP: 123/192 MP: 18/21
 52043 | Vaults:3 | Escaped the Abyss
 52192 | Vaults:3 | Identified the +6 scale mail of Gozag's Approval {rPois MR+} (You found it on level 3 of the Abyss)
 52284 | Vaults:3 | Cast into the Abyss (an ogre mage)
 52321 | Abyss:1  | Received a gift from Okawaru
 52322 | Abyss:1  | Got a faintly humming cloak {god gift}
 52355 | Abyss:1  | Identified the +1 cloak of Truth {god gift, Str+5 Int+5 Dex+2} (Okawaru gifted it to you on level 1 of the Abyss)
 52386 | Abyss:1  | Gained mutation: Your magical capacity is low (-10% MP). [a neqoxec]
 52398 | Abyss:1  | Noticed a profane servitor
 52463 | Abyss:1  | Gained mutation: Scrolls take you a little longer to read. [a neqoxec]
 52464 | Abyss:1  | Reached skill level 15 in Fighting
 52474 | Abyss:1  | Killed a profane servitor
 52727 | Abyss:1  | Noticed a bone dragon
 52763 | Abyss:1  | Killed a bone dragon
 52763 | Abyss:1  | Reached skill level 19 in Shields
 52885 | Abyss:1  | Found a bloodstained altar of Trog.
 52901 | Abyss:2  | Found a burning altar of Makhleb.
 52913 | Abyss:2  | Paralysed by accursed screaming for 1 turns
 52918 | Abyss:2  | Paralysed by accursed screaming for 1 turns
 53036 | Abyss:3  | Found a corrupted altar of Lugonu.
 53600 | Abyss:4  | Found a corrupted altar of Lugonu.
 53678 | Abyss:4  | Paralysed by accursed screaming for 1 turns
 53690 | Abyss:4  | Found an opulent altar of Gozag.
 53730 | Abyss:5  | Entered Level 5 of the Abyss
 53914 | Abyss:5  | Gained mutation: Scrolls take you longer to read. [a neqoxec]
 53987 | Abyss:5  | Reached XP level 21. HP: 69/206 MP: 11/18
 54256 | Abyss:5  | HP: 8/206 [balrug/demon whip of freezing (7)]
 54258 | Abyss:5  | HP: 3/206 [burnt (3)]
 54258 | Abyss:5  | Slain by a balrug

Action                   |  1- 3 |  4- 6 |  7- 9 | 10-12 | 13-15 | 16-18 | 19-21 || total
-------------------------+-------+-------+-------+-------+-------+-------+-------++-------
Melee: Mace              |   160 |   223 |   649 |       |       |       |       ||  1032
       Scimitar          |       |       |    95 |   278 |       |       |       ||   373
       War axe           |       |       |       |   874 |  1570 |  1572 |  1095 ||  5111
       Flail             |       |       |       |    29 |       |       |       ||    29
       Broad axe         |       |       |       |       |    28 |    38 |   397 ||   463
Throw: Tomahawk          |       |       |     7 |     6 |       |       |     1 ||    14
       Stone             |       |       |     3 |       |       |       |       ||     3
       Javelin           |       |       |       |       |     1 |     1 |       ||     2
 Cast: Apportation       |       |       |       |       |     5 |       |    18 ||    23
Invok: Heroism           |       |       |     4 |    11 |    23 |    10 |    14 ||    62
Evoke: Wand              |       |       |     8 |     2 |    14 |     3 |    12 ||    39
       Phantom mirror    |       |       |       |       |     1 |       |       ||     1
       Lamp of fire      |       |       |       |       |       |     1 |     1 ||     2
  Use: Scroll            |     7 |     3 |    11 |    11 |    20 |    15 |     9 ||    76
       Potion            |     1 |     4 |     4 |     5 |    15 |    13 |    14 ||    56
 Stab: Distracted        |       |       |     1 |       |       |     1 |     5 ||     7
       Sleeping          |       |       |       |       |     2 |     6 |     2 ||    10
       Paralysed         |       |       |       |       |       |       |     1 ||     1
  Eat: Chunk             |     3 |    10 |    22 |    30 |    36 |    20 |     8 ||   129
       Pizza             |       |       |     1 |       |       |     3 |     5 ||     9
       Fruit             |       |       |       |     3 |    18 |     4 |       ||    25
       Beef jerky        |       |       |       |       |     2 |       |     6 ||     8
       Royal jelly       |       |       |       |       |     1 |     5 |       ||     6
